 Dungeon Crawl Stone Soup version 0.25-a0-23-gdc1bd94 (webtiles) character file.

Game seed: 13832418394430887359, levelgen mode: deterministic

89 Lianjan the Changer (level 4, -8/35 HPs)
             Began as a Draconian Transmuter on Oct 16, 2019.
             Was an Initiate of Okawaru.
             Killed by divine providence
             ... invoked by an orc priest
              (16 damage)
             ... on level 3 of the Dungeon.
             The game lasted 00:04:47 (2294 turns).

Lianjan the Changer (Draconian Transmuter)          Turns: 2294, Time: 00:04:47

Health: -8/35      AC:  8    Str: 13    XL:     4   Next: 31%
Magic:  4/7        EV: 19    Int: 14    God:    Okawaru [......]
Gold:   155        SH:  0    Dex: 16    Spells: 1/7 levels left

rFire    . . .     SeeInvis .     - Unarmed
rCold    . . .     Gourm    .   (shield currently unavailable)
rNeg     . . .     Faith    .   (armour unavailable)
rPois    x         Spirit   .   (helmet currently unavailable)
rElec    .         Reflect  .   (cloak currently unavailable)
rCorr    .         Harm     .   (gloves currently unavailable)
MR       .....                  (boots currently unavailable)
Stlth    +.........             (no amulet)
HPRegen  0.11/turn              l - +6 ring of protection
MPRegen  0.10/turn              (no ring)

@: spider-form (expiring)
A: tiny, unfitting armour, AC +5
a: End Transformation, Renounce Religion


You were on level 3 of the Dungeon.
You worshipped Okawaru.
Okawaru was noncommittal.
You were very hungry.
You were a venomous arachnid creature.
You visited 1 branch of the dungeon, and saw 3 of its levels.

You collected 155 gold pieces.

Inventory:

Hand Weapons
 o - a +0 hunting sling
Missiles
 a - 12 arrows
 f - 29 stones (quivered)
Armour
 q - a +0 buckler (melded)
Jewellery
 l - a +6 ring of protection (left front leg)
Wands
 k - a wand of polymorph (5)
Scrolls
 b - 2 scrolls of remove curse {unknown}
 d - 5 scrolls of identify {unknown}
 h - 2 scrolls of amnesia {unknown}
 n - a scroll of immolation {unknown}
 p - a scroll of fog {unknown}
Potions
 e - 2 potions of degeneration {unknown}
 g - a potion of lignification {unknown}
 i - 2 potions of flight {unknown}
 j - a potion of resistance {unknown}
 m - 2 potions of might {unknown}
 r - a potion of magic {unknown}
 s - 2 potions of curing {unknown}
Comestibles
 c - 3 rations


   Skills:
 - Level 1.1 Fighting
 - Level 1.7 Dodging
 + Level 1.4 Shields
 - Level 3.0 Unarmed Combat
 - Level 2.0 Spellcasting
 * Level 4.2 Transmutations


You had one spell level left.
You knew the following spells:

 Your Spells              Type           Power        Failure   Level  Hunger
a - Beastly Appendage     Tmut           ##....       13%         1    ##.....
b - Sticks to Snakes      Tmut           ##......     17%         2    ###....
c - Spider Form           Tmut/Pois      #.........   52%         3    ####...

Your spell library contained the following spells:

 Spells                   Type           Power        Failure   Level  Hunger
 Ice Form                 Ice/Tmut       #.......     86%         4    #####..
 Blade Hands              Tmut           ##........   89%         5    ######.


Dungeon Overview and Level Annotations

Branches:
Dungeon (3/15)

Altars:
Elyvilon
Fedhas
Okawaru


Innate Abilities, Weirdness & Mutations

((Your plain brown scales are hard. (AC +5)))
You cannot fit into any form of body armour.
((You are cold-blooded and may be slowed by cold attacks.))


Message History

You hit the orc.
The orc is poisoned.
The orc is heavily wounded.
You kill the orc!
Okawaru accepts your kill.
The orc priest invokes the aid of Beogh against you.
Beogh smites you!
You barely miss the orc. The orc closely misses you.
You hit the orc.
The orc is poisoned.
The orc is moderately wounded.
The orc priest calls down the wrath of Beogh upon you.
Beogh smites you!
* * * LOW HITPOINT WARNING * * *
The orc barely misses you.
You hit the orc.
You kill the orc!
Okawaru accepts your kill.
Your transformation is almost over.
The orc priest mumbles some strange prayers to Beogh against you.
Beogh smites you!
You die...

#.# #.#...##
#.###.......
###.....#...#
#..........#
#####.<........###
#.................
#.###..........##.
#<# #...รท......#
#s# ###........###
#o# ###.........
#$# #.....#.###
#.# #.......# #.#
#..<..#### #.#
##.........
#.######...#######
#..oo.oo.....#
########...#.###


You could see an orc priest.

Vanquished Creatures
  Jessica (D:2)
  2 adders
  3 worms (D:2)
  2 leopard geckos
  4 orcs (D:3)
  3 giant cockroaches
  A goblin (D:2)
  4 hobgoblins
  4 kobolds
  5 bats (D:1)
  A frilled lizard (D:2)
  3 rats (D:2)
33 creatures vanquished.

Vanquished Creatures (others)
  A rat (D:2)
1 creature vanquished.

Grand Total: 34 creatures vanquished

Notes
Turn   | Place    | Note
-------+----------+-------------------------------------------
     0 | D:1      | Lianjan the Draconian Transmuter began the quest for the
                  | Orb.
     0 | D:1      | Reached XP level 1. HP: 16/16 MP: 3/3
   179 | D:1      | Reached XP level 2. HP: 17/23 MP: 3/5
   652 | D:2      | Reached skill level 3 in Transmutations
  1127 | D:2      | Reached XP level 3. HP: 28/28 MP: 4/6
  1131 | D:2      | Learned a level 2 spell: Sticks to Snakes
  1135 | D:2      | Learned a level 3 spell: Spider Form
  1146 | D:2      | Noticed Jessica
  1152 | D:2      | Killed Jessica
  1225 | D:2      | Found a blossoming altar of Fedhas.
  1225 | D:2      | Found a white marble altar of Elyvilon.
  1227 | D:2      | Found an iron altar of Okawaru.
  1232 | D:2      | Reached skill level 1 in Shields
  1243 | D:2      | Became a worshipper of Warmaster Okawaru
  1353 | D:2      | Reached skill level 4 in Transmutations
  1525 | D:2      | Reached XP level 4. HP: 27/35 MP: 3/7
  2294 | D:3      | Killed from afar by an orc priest

Levels and vault maps discovered:
D:1:      minmay_arrival_loop, layout_loops_ring, kennysheep_decorative_pillar
D:2:      layout_loops_corners, gammafunk_temple_overflow_forgotten,
          first_ration, lemuel_old_faithful, uniq_jessica
D:3:      kb_forest_paths, layout_loops_ring

Skill      XL: |  1  2  3 |
---------------+----------+-----
Transmutations | 3 4 |  4.2
Shields        | 1 |  1.4
Fighting       | |  1.1
Dodging        | |  1.7
Unarmed Combat | |  3.0
Spellcasting   | |  2.0

Action                   |  1- 3 |  4- 6 || total
-------------------------+-------+-------++-------
Melee: Unarmed           |    97 |    14 ||   111
       Headbutt          |     1 |       ||     1
       Tailslap          |     7 |       ||     7
       Kick              |     4 |       ||     4
 Cast: Beastly Appendage |    16 |       ||    16
       Spider Form       |     4 |     6 ||    10
 Stab: Sleeping          |     1 |       ||     1
  Eat: Chunk             |     3 |     2 ||     5
Armor: Skin              |    34 |     4 ||    38
Dodge: Dodged            |    59 |    11 ||    70
Block: Buckler           |     5 |       ||     5

Table legend:
 A = Non-vault XP
 B = Vault XP
 C = Vault XP percentage of total XP
 D = Non-vault monster count
 E = Vault monster count
 F = Vault count percentage of total count
                 A         B        C        D         E       F
            +---------+---------+-------+---------+---------+-------
      Total |      91 |      37 |  28.9 |      32 |       1 |   3.0
            +---------+---------+-------+---------+---------+-------
        D:1 |      17 |       0 |   0.0 |      10 |       0 |   0.0
        D:2 |      49 |      37 |  43.0 |      17 |       1 |   5.6
        D:3 |      25 |       0 |   0.0 |       5 |       0 |   0.0
            +---------+---------+-------+---------+---------+-------
